 Dungeon Sprint DCSS version 0.23-a0-117-gebca68c (webtiles) character file.

11700000 Fang the Axe Maniac (level 27, -33/273 HPs)
             Began as a Minotaur Gladiator on Aug 22, 2018.
             Was the Champion of Makhleb.
             Annihilated by a bag of meat
             ... wielding a +9 war axe
              (38 damage)
             ... in the Dungeon (Sprint VIII: "Arena of Blood") on Aug 23, 2018.
             The game lasted 00:03:28 (117 turns).

Fang the Axe Maniac (Minotaur Gladiator)             Turns: 117, Time: 00:03:28

Health: -33/273    AC:  6    Str: 30    XL:     27
Magic:  42/53      EV: 31    Int:  5    God:    Makhleb [******]
Gold:   0          SH:  0    Dex: 14    Spells: 80/80 levels left

rFire    . . .     SeeInvis .   l - +∞ Axe of Woe
rCold    . . .     Gourm    .   (shield currently unavailable)
rNeg     . . .     Faith    .   b - +0 leather armour
rPois    .         Spirit   .   c - +0 hat
rElec    .         Reflect  .   (no cloak)
rCorr    .         Harm     .   (no gloves)
MR       ++...     NoTele   +   (no boots)
Stlth    +++++++++.             (no amulet)
HPRegen  0.55/turn              (no ring)
MPRegen  0.33/turn              (no ring)

@: lethally poisoned (-33 -> -36), slowed, very slow
A: retaliatory headbutt, horns 2
a: Minor Destruction, Lesser Servant of Makhleb, Major Destruction, Greater
Servant of Makhleb, Renounce Religion


You were in the Dungeon.
You worshipped Makhleb.
Makhleb was exalted by your worship.
You were not hungry.

You visited 1 branch

Inventory:

Hand Weapons
 a - a +0 war axe
 l - the +∞ Axe of Woe (weapon)
   (You found it in the Dungeon)
Missiles
 d - 3 throwing nets (quivered)
Armour
 b - a +0 leather armour (worn)
 c - a +0 hat (worn)
Scrolls
 k - a scroll of blinking
Potions
 e - a potion of curing
 h - a potion of haste
 i - 2 potions of magic
 j - a potion of berserk rage
Comestibles
 f - a ration


   Skills:
 O Level 27 Fighting
 O Level 27 Axes
 O Level 27 Throwing
 O Level 27 Armour
 O Level 27 Dodging
 O Level 27 Stealth
 O Level 27 Unarmed Combat
 O Level 27 Spellcasting
 O Level 27 Invocations


You had 80 spell levels left.
You didn't know any spells.
Your spell library was empty.

Dungeon Overview and Level Annotations

Branches:
Dungeon (1/1)

Altars:
Makhleb


Innate Abilities, Weirdness & Mutations

You reflexively headbutt those who attack you in melee.
You have a pair of horns on your head.


Message History

A meat berserker comes into view. It is wielding a +9 battleaxe.
The tyrant casts a spell.
The tyrant seems to speed up.
The eight-headed meat hydra calls on the powers of darkness!
The eight-headed meat hydra convulses!
The bag of meat convulses! x3
Your body is wracked with pain!
* * * LOW HITPOINT WARNING * * *
The bag of meat convulses!
The eight-headed meat hydra convulses!
The bag of meat convulses!
The eight-headed meat hydra convulses!
The eight-headed meat hydra calls on the powers of darkness!
The eight-headed meat hydra convulses!
Your body is wracked with pain!
* * * LOW HITPOINT WARNING * * *
The bag of meat convulses! x3; The eight-headed meat hydra convulses!
The bag of meat convulses! x2; The eight-headed meat hydra convulses!
You feel much better.
You feel sick.
You hear a shout! x4
The bag of meat hits you with a +9 war axe!!
* * * LOW HITPOINT WARNING * * *
The bag of meat hits you with a +9 war axe!!!
You die...

....... .. ..
###.....##.##O.
.....o....D.......
#...o...%..#.#....
#........D........
#...X.......%....
..#..X.o)..W......
.....XXX@oo....%..
....XX))))).......
...XL#D))))..#.
.#.... #))))...# .
.....###))))...###..
.....o§)))###......
..#..x.)).)_.......
#.......#...).#....
........#_.<)_#....


You could see a tentacled monstrosity, a tyrant, 3 eight-headed meat hydras, 7
large abominations, a dread, a meat berserker (berserk) and 5 bags of meat.

Vanquished Creatures
  11 hell beasts (D)
  2 greater mummies (D)
  2 great orbs of eyes (D)
  3 wraiths (D)
  Harold (D)
  15 vampire knights (D)
  4 two-headed ogres (D)
  A lich (D)
  3 hydras (D)
  55 orcs (D)
  2 phantoms (D)
  5 skeletal warriors (D)
  2 sea snakes (D)
  2 small abominations (D)
  7 large abominations (D)
  16 crawling corpses (D)
  34 ogres (D)
165 creatures vanquished.

Vanquished Creatures (others)
  A crawling corpse (D)
1 creature vanquished.

Grand Total: 166 creatures vanquished

Notes
Turn   | Place    | Note
-------+----------+-------------------------------------------
     0 | D        | Found the +∞ Axe of Woe
     0 | D        | Fang the Minotaur Gladiator began the quest for the Orb.
     0 | D        | Reached XP level 1. HP: 18/18 MP: 0/0
     4 | D        | Became a worshipper of Makhleb the Destroyer
     4 | D        | Noticed a bag of meat
     6 | D        | Noticed a bag of meat
     7 | D        | Noticed a meat berserker
     7 | D        | Noticed a meat berserker
     7 | D        | Noticed a bag of meat
    10 | D        | Noticed a meat berserker
    10 | D        | Noticed a bag of meat
    11 | D        | Killed a bag of meat
    11 | D        | Reached XP level 2. HP: 42/42 MP: 1/1
    11 | D        | Reached XP level 3. HP: 49/49 MP: 2/2
    11 | D        | Reached XP level 4. HP: 57/57 MP: 3/3
    11 | D        | Reached XP level 5. HP: 63/63 MP: 4/4
    11 | D        | Reached XP level 6. HP: 71/71 MP: 5/5
    11 | D        | Reached XP level 7. HP: 78/78 MP: 6/6
    11 | D        | Reached XP level 8. HP: 85/85 MP: 7/7
    11 | D        | Reached XP level 9. HP: 91/91 MP: 8/8
    11 | D        | Reached XP level 10. HP: 99/99 MP: 9/9
    11 | D        | Reached XP level 11. HP: 105/105 MP: 10/10
    11 | D        | Noticed a meat berserker
    11 | D        | Noticed a bag of meat
    12 | D        | Killed a bag of meat
    12 | D        | Reached * piety under Makhleb
    12 | D        | Reached XP level 12. HP: 117/117 MP: 11/11
    12 | D        | Killed a meat berserker
    12 | D        | Reached skill level 27 in Axes
    12 | D        | Reached XP level 13. HP: 130/130 MP: 12/12
    12 | D        | Reached XP level 14. HP: 138/138 MP: 13/13
    12 | D        | Noticed a bag of meat
    13 | D        | Killed a bag of meat
    13 | D        | Killed a meat berserker
    13 | D        | Reached ** piety under Makhleb
    13 | D        | Reached skill level 27 in Dodging
    13 | D        | Reached XP level 15. HP: 163/163 MP: 14/14
    14 | D        | Upgraded the game from 0.23-a0-109-g5e4b187 to 0.23-a0-117-gebca68c
    14 | D        | Killed a meat berserker
    14 | D        | Reached skill level 27 in Fighting
    14 | D        | Reached XP level 16. HP: 183/183 MP: 15/15
    14 | D        | Killed a meat berserker
    14 | D        | Reached skill level 27 in Throwing
    15 | D        | Noticed a meat berserker
    16 | D        | Reached *** piety under Makhleb
    16 | D        | Reached XP level 17. HP: 191/191 MP: 15/23
    18 | D        | Reached skill level 10 in Unarmed Combat
    19 | D        | Reached skill level 10 in Stealth
    20 | D        | Killed a meat berserker
    20 | D        | Reached **** piety under Makhleb
    20 | D        | Reached skill level 15 in Unarmed Combat
    20 | D        | Reached skill level 10 in Spellcasting
    20 | D        | Reached XP level 18. HP: 200/200 MP: 15/31
    20 | D        | Noticed a meat berserker
    21 | D        | Noticed a meat berserker
    21 | D        | Noticed a meat berserker
    23 | D        | Noticed a destroyer
    23 | D        | Killed a meat berserker
    23 | D        | Reached skill level 15 in Stealth
    25 | D        | Noticed a meat berserker
    26 | D        | Noticed a meat berserker
    26 | D        | Killed a meat berserker
    26 | D        | Reached XP level 19. HP: 207/207 MP: 16/36
    26 | D        | Reached ***** piety under Makhleb
    26 | D        | Reached skill level 15 in Spellcasting
    26 | D        | Killed a meat berserker
    27 | D        | Killed a destroyer
    27 | D        | Reached XP level 20. HP: 216/216 MP: 16/40
    27 | D        | Reached skill level 27 in Armour
    28 | D        | Noticed a destroyer
    29 | D        | Reached skill level 27 in Unarmed Combat
    29 | D        | Reached XP level 21. HP: 224/224 MP: 17/44
    29 | D        | Noticed a large bag of meat
    30 | D        | Killed a destroyer
    30 | D        | Reached ****** piety under Makhleb
    30 | D        | Reached skill level 27 in Stealth
    30 | D        | Reached skill level 27 in Invocations
    30 | D        | Noticed The Servant
    31 | D        | Reached XP level 22. HP: 233/233 MP: 17/51
    31 | D        | Noticed a destroyer
    31 | D        | Noticed a destroyer
    32 | D        | Reached skill level 27 in Spellcasting
    34 | D        | Noticed a destroyer
    34 | D        | Noticed a destroyer
    35 | D        | Killed a destroyer
    35 | D        | Reached XP level 23. HP: 240/240 MP: 18/53
    35 | D        | Killed a large bag of meat
    37 | D        | Reached XP level 24. HP: 249/249 MP: 19/53
    38 | D        | HP: 3/249 [The Servant/+9 glaive of flaming (76)]
    39 | D        | Killed a destroyer
    39 | D        | Killed a destroyer
    39 | D        | Killed a destroyer
    39 | D        | Reached XP level 25. HP: 192/257 MP: 19/53
    41 | D        | Noticed a destroyer
    41 | D        | Noticed a destroyer
    42 | D        | Killed The Servant
    42 | D        | Reached XP level 26. HP: 235/266 MP: 20/53
    44 | D        | Killed a destroyer
    44 | D        | Noticed a destroyer
    45 | D        | Noticed a large bag of meat
    45 | D        | Noticed a destroyer
    46 | D        | Noticed a destroyer
    50 | D        | Killed a destroyer
    50 | D        | Reached XP level 27. HP: 60/273 MP: 22/53
    50 | D        | Killed a destroyer
    50 | D        | Killed a destroyer
    51 | D        | Killed a destroyer
    56 | D        | Killed a large bag of meat
    63 | D        | Noticed a meat beast
    63 | D        | Noticed a dread
    67 | D        | Noticed a meat beast
    67 | D        | Noticed a dread
    68 | D        | Killed a meat beast
    72 | D        | Killed a dread
    72 | D        | Noticed a meat beast
    73 | D        | Noticed a large bag of meat
    73 | D        | Noticed a large bag of meat
    73 | D        | Noticed a destroyer
    73 | D        | Noticed a destroyer
    74 | D        | Killed a meat beast
    75 | D        | Killed a destroyer
    75 | D        | Noticed a large bag of meat
    76 | D        | Killed a dread
    76 | D        | Killed a destroyer
    76 | D        | Noticed a destroyer
    77 | D        | Noticed a meat beast
    78 | D        | Killed a meat beast
    78 | D        | Noticed a meat beast
    78 | D        | Noticed a destroyer
    79 | D        | Killed a large bag of meat
    81 | D        | Killed a meat beast
    81 | D        | Killed a destroyer
    82 | D        | Killed a large bag of meat
    83 | D        | Killed a meat beast
    83 | D        | Killed a destroyer
    85 | D        | Noticed a meat beast
    85 | D        | Noticed a meat beast
    86 | D        | Noticed a meat beast
    89 | D        | Killed a meat beast
    89 | D        | Killed a meat beast
    90 | D        | Killed a meat beast
    90 | D        | Noticed a meat beast
    91 | D        | Noticed a meat beast
    95 | D        | Killed a meat beast
    95 | D        | Noticed an accursed
    97 | D        | Noticed a tyrant
    99 | D        | Killed a meat beast
   101 | D        | Killed an accursed
   102 | D        | Noticed an accursed
   104 | D        | Noticed a meat beast
   106 | D        | Noticed a dread
   107 | D        | Killed a meat beast
   109 | D        | Killed a tyrant
   110 | D        | Killed a dread
   110 | D        | Noticed a tyrant
   111 | D        | Killed an accursed
   111 | D        | Noticed a dread
   117 | D        | HP: 5/273 [bag of meat/+9 war axe (30)]
   117 | D        | Annihilated by a bag of meat

Vault maps used:
D:        meatsprint

Skill      XL: |  1  2  3  4  5  6  7  8  9 10 11 12 13 14 15 16 17 18 19 20 21 22 |
---------------+-------------------------------------------------------------------+-----
Fighting       | 12 14 16 23 27 | 27.0
Axes           | 20 23 27 | 27.0
Throwing       | 9 11 13 18 21 27 | 27.0
Dodging        | 18 21 24 27 | 27.0
Armour         | 8 16 22 26 27 | 27.0
Stealth        | 6 13 18 21 25 27 | 27.0
Unarmed Combat | 7 15 20 24 27 | 27.0
Spellcasting   | 4 10 14 17 20 26 27 | 27.0
Invocations    | 7 14 19 23 26 27 | 27.0

Action                   |  1- 3 |  4- 6 |  7- 9 | 10-12 | 13-15 | 16-18 | 19-21 | 22-24 | 25-27 || total
-------------------------+-------+-------+-------+-------+-------+-------+-------+-------+-------++-------
Melee: Executioner's axe |     1 |       |       |     1 |     2 |     7 |     5 |     8 |    64 ||    88
  Use: Potion            |       |       |       |       |       |       |       |       |     1 ||     1
Armor: Leather armour    |       |       |       |       |       |       |       |       |     7 ||     7
Dodge: Dodged            |       |       |       |       |       |       |       |       |    19 ||    19

Table legend:
 A = Non-vault XP
 B = Vault XP
 C = Vault XP percentage of total XP
 D = Non-vault monster count
 E = Vault monster count
 F = Vault count percentage of total count
                 A         B        C        D         E       F
            +---------+---------+-------+---------+---------+-------
      Total | 4047093 | 1215336 |  23.1 |      87 |      62 |  41.6
            +---------+---------+-------+---------+---------+-------
          D | 4047093 | 1215336 |  23.1 |      87 |      62 |  41.6
            +---------+---------+-------+---------+---------+-------
